Description

(Ultra, bane, lings)

Build Order

Get SALT Encoding   

  12  0:00  Drone  
  13  0:12  Overlord  
  13  0:17  Drone  
  14  0:30  Drone x2  
  14  0:34  Drone  
  17  0:51  Hatchery  
  17  0:55  Drone  
  17  0:58  Drone  
  17  1:01  Extractor  
  17  1:14  Spawning Pool  
  17  1:17  Drone  
  17  1:20  Drone  
  18  1:28  Drone  
  19  1:38  Overlord  
  19  1:49  Drone  
  20  2:00  Queen  
  22  2:01  Zergling x2  
  22  2:02  Metabolic Boost  
  22  2:06  Queen  
  25  2:10  Drone  
  25  2:13  Drone  
  25  2:15  Drone  
  28  2:22  Drone  
  29  2:25  Drone  
  30  2:37  Hatchery  
  30  2:40  Drone  
  30  2:41  Drone  
  31  2:45  Overlord  
  31  2:47  Zergling x2  
  32  2:54  Zergling x2  
  32  2:58  Zergling x2  
  34  3:04  Drone  
  35  3:09  Drone x3  
  35  3:11  Overlord  
  38  3:14  Drone x3  
  38  3:16  Queen  
  43  3:24  Overlord  
  43  3:25  Drone  
  44  3:30  Drone x2  
  46  3:39  Drone x4  
  49  3:44  Overlord  
  49  3:45  Queen  
  51  3:49  Spore Crawler  
  51  3:51  Spore Crawler  
  51  3:54  Spore Crawler  
  48  3:56  Drone  
  48  3:59  Drone x2  
  48  4:01  Drone x2  
  53  4:05  Drone x2  
  57  4:13  Roach Warren  
  57  4:14  Drone x4  
  57  4:15  Extractor  
  59  4:17  Drone x2  
  59  4:23  Overlord  
  61  4:25  Spore Crawler, Lair  
  61  4:26  Drone x2, Extractor  
  61  4:29  Drone x3  
  64  4:31  Drone  
  64  4:35  Overlord  
  64  4:36  Overlord  
  65  4:41  Overlord  
  65  4:46  Overlord  
  65  4:54  Roach x7  
  65  4:57  Roach  
  65  4:59  Spore Crawler  
  80  5:00  Roach  
  80  5:05  Drone x4  
  85  5:07  Evolution Chamber  
  85  5:11  Drone x2  
  85  5:22  Drone, Hatchery  
  85  5:25  Zergling x4  
  85  5:26  Zergling x4  
  89  5:33  Zergling x2  
  89  5:34  Zergling x8  
  88  5:36  Overlord  
  88  5:39  Drone x4  
  86  5:42  Drone  
  86  5:47  Drone x4  
  86  5:55  Drone x2, Hatchery  
  86  5:57  Drone  
  86  5:59  Zerg Melee Weapons Level 1  
  86  6:03  Drone, Infestation Pit  
  86  6:05  Evolution Chamber  
  86  6:08  Drone x5  
  89  6:11  Spore Crawler  
  89  6:12  Spore Crawler  
  89  6:13  Queen  
  89  6:17  Spore Crawler  
  90  6:18  Drone x2  
  90  6:19  Drone x2  
  90  6:21  Spore Crawler  
  90  6:24  Drone x2  
  93  6:31  Drone x3  
  93  6:32  Zerg Ground Armor Level 1  
  94  6:36  Queen  
  92  6:40  Spore Crawler  
  92  6:41  Spore Crawler, Hive  
  92  6:43  Drone x2  
  92  6:45  Drone  
  92  6:46  Drone x5  
  98  6:49  Roach x2  
  98  6:50  Roach  
  98  6:51  Spore Crawler  
  99  6:54  Roach  
  99  6:55  Drone x2  
  99  6:56  Drone x2  
  99  6:57  Drone  
  99  6:58  Drone  
  105  7:02  Drone x3  
  105  7:07  Drone x2  
  105  7:08  Drone x2, Extractor  
  109  7:10  Extractor  
  109  7:13  Drone x3  
  113  7:17  Drone x3  
  113  7:18  Drone x2  
  113  7:20  Drone x3  
  113  7:22  Spore Crawler  
  116  7:23  Spore Crawler  
  116  7:26  Drone, Extractor  
  116  7:27  Drone  
  114  7:30  Zergling x12  
  117  7:37  Zergling x2  
  117  7:41  Zergling x2  
  117  7:42  Zergling x12  
  114  7:45  Queen  
  114  7:47  Zergling x6  
  114  7:51  Zergling x4  
  115  7:55  Roach x4  
  115  7:56  Roach  
  123  7:58  Zerg Melee Weapons Level 2  
  123  7:59  Drone x3  
  123  8:00  Overlord  
  123  8:01  Adrenal Glands  
  126  8:07  Ultralisk Cavern  
  126  8:12  Drone  
  124  8:13  Drone x2  
  124  8:16  Overlord  
  124  8:17  Drone x2  
  121  8:28  Drone x6  
  121  8:29  Queen x2  
  121  8:30  Extractor  
  121  8:31  Drone  
  121  8:32  Overlord x2, Drone x3  
  121  8:33  Spore Crawler, Hatchery  
  129  8:35  Queen  
  129  8:36  Drone  
  129  8:37  Drone x3  
  129  8:38  Spore Crawler, Drone x2  
  129  8:40  Drone x2  
  135  8:43  Baneling Nest  
  135  8:45  Roach x2  
  135  8:48  Roach x2  
  141  8:52  Spore Crawler, Roach x3  
  141  8:55  Spore Crawler  
  143  8:56  Chitinous Plating  
  143  9:02  Overlord x3  
  143  9:13  Ultralisk  
  143  9:14  Overlord x2  
  149  9:23  Ultralisk  
  152  9:24  Ultralisk  
  152  9:27  Overlord  
  151  9:34  Drone x4  
  151  9:35  Drone x4  
  159  9:45  Ultralisk x2  
  154  9:54  Ultralisk  
  154  9:59  Zergling x18  
  159  10:13  Zergling x2  
  159  10:14  Zergling x18  
  159  10:26  Drone  
  159  10:27  Drone x4  
  164  10:30  Zerg Melee Weapons Level 3  
  164  10:35  Zerg Ground Armor Level 2  
  162  10:46  Ultralisk  
  156  10:51  Zergling x20  
  166  10:59  Ultralisk  
  169  11:09  Centrifical Hooks  
  169  11:10  Spire  
  159  11:12  Drone x4  
  159  11:13  Drone x2  
  159  11:15  Spore Crawler x2, Drone  
  159  11:16  Drone x2  
  159  11:17  Spore Crawler, Drone  
  158  11:23  Spore Crawler  
  158  11:24  Drone x5  
  162  11:31  Ultralisk  
  146  11:47  Ultralisk  
  146  11:48  Ultralisk x2  
  146  11:53  Drone x2  
  160  12:01  Ultralisk x2  
  172  12:06  Zergling x18  
  180  12:10  Zergling x10  
  180  12:13  Zergling x2  
  180  12:14  Zergling x6  
  189  12:23  Zergling x18  
  173  12:46  Zergling x2  
  173  12:47  Zergling x16  
  173  12:56  Zergling x10  
  178  13:03  Zergling x16  
  178  13:05  Hatchery  
  185  13:11  Zergling x8  
  185  13:12  Zergling x4  
  173  13:33  Zergling x2  
  173  13:34  Zergling x26  
  181  13:44  Baneling x5  
  181  13:45  Baneling x28  
  181  13:46  Baneling x15  
  181  13:47  Baneling x7  
  181  13:48  Baneling x4  
  181  13:49  Zergling x4  
  181  13:50  Zergling x8  
  181  13:53  Zergling x6  
  181  13:55  Zergling x12  
Spawning Tool Build Advisor. Get it on Overwolf

Go to:

Details

  • Created by: DarkHeartz
  • Published on: Nov 08, 2016
  • Modified on: Nov 08, 2016
  • Patch: Pre-3.8.0
Show
View Real Time Build Order
Export as new Build Order

Comments (0)

There are no comments. Be the first!

Create an account to comment!